 Dungeon Sprint DCSS version 0.29-a0-320-g9f8742066b (webtiles) character file.

Game seed: 17620016755060738539

17229 mhtbhm the Executioner (level 12, -3/136 HPs)
             Began as a Minotaur Berserker on Apr 2, 2022.
             Was the Champion of Trog.
             Killed from afar by Roxanne (17 damage)
             ... with an iron shot
             ... in the Dungeon (Sprint II: "The Violet Keep of Menkaure").
             The game lasted 00:06:07 (2975 turns).

mhtbhm the Executioner (Minotaur Berserker)         Turns: 2975, Time: 00:06:08

Health: -3/136     AC: 21    Str: 29    XL:     12   Next: 17%
Magic:  11/11      EV: 16    Int:  4    God:    Trog [******]
Gold:   1965       SH:  0    Dex: 10    Spells: 11/11 levels left

rFire   . . .      SeeInvis .   a - +2 executioner's axe (vorpal)
rCold   . . .      Faith    .   (shield currently unavailable)
rNeg    . . .      Spirit   .   b - +4 chain mail "Aledum" {rElec}
rPois   .          Reflect  .   (helmet restricted)
rElec   +          Harm     .   k - +0 cloak
rCorr   .          Rampage  .   x - +0 pair of gloves
Will    .....      NoTele   +   (no boots)
Stlth   ..........              (no amulet)
HPRegen 0.32/turn               r - +4 ring of evasion
MPRegen 0.12/turn               n - +4 ring of slaying

@: studying Dodging, very slow
A: horns 2, retaliatory headbutt, strong 1
a: Renounce Religion, Berserk, Trog's Hand, Brothers in Arms


You were in the Dungeon.
You worshipped Trog.
Trog was exalted by your worship.
You visited 1 branch You collected 2853 gold pieces.
You spent 888 gold pieces at shops.

Inventory:

Hand Weapons
 a - a +2 vorpal executioner's axe (weapon)
Armour
 b - the +4 chain mail "Aledum" (worn) {rElec}
   (You bought it in a shop in the Dungeon)

   rElec:     It insulates you from electricity.
 k - a +0 cloak (worn)
 x - a +0 pair of gloves (worn)
Jewellery
 i - a ring of protection from fire
 n - a +4 ring of slaying (right hand)
 r - a +4 ring of evasion (left hand)
 s - a +4 ring of protection
 v - a ring of resist corrosion
Scrolls
 h - a scroll of blinking
 j - 2 scrolls of amnesia
 p - 3 scrolls of acquirement
 t - a scroll of fear
 u - a scroll of fog
 w - a scroll of holy word
Potions
 c - a potion of curing
 d - a potion of heal wounds
 e - a potion of haste
 f - 5 potions of magic
 g - a potion of berserk rage
 m - 5 potions of flight
 o - 4 potions of resistance {unknown}
 z - a potion of attraction {unknown}
Miscellaneous
 q - a phial of floods
 y - a phantom mirror


   Skills:
 + Level 21.3 Fighting
 + Level 23.2 Axes
 + Level 16.2 Armour
 + Level 10.7 Dodging
 + Level 1.9 Stealth


You had 11 spell levels left.
You didn't know any spells.
Your spell library was empty.

Dungeon Overview and Level Annotations

Branches:
Dungeon (1/1)

Altars:
Cheibriados
Dithmenos
Elyvilon
Fedhas
Gozag
Hepliaklqana
Kikubaaqudgha
Makhleb
Nemelex Xobeh
Okawaru
Qazlal
Ru
Sif Muna
Trog
Uskayaw
Vehumet
Wu Jian
Xom
Yredelemnul
Zin
The Shining One
Beogh
Jiyva
Lugonu

Shops:
D ?::=[!![=!?[(:=

Annotations:
D exclusions: ice statue and oklob plant, Roxanne


Innate Abilities, Weirdness & Mutations

You have a pair of horns on your head.
You reflexively headbutt those who attack you in melee.
Your muscles are strong. (Str +2)


Message History

[Y]es or [N]o only, please.
Really walk into a travel-excluded area?
You enter the shallow water.
Moving in this stuff is going to be slow.
You are engulfed in a cloud of scalding steam.
Roxanne asks, "Could you be a darling and pick up those spellbooks for me?"
Roxanne mumbles some strange words.
The iron shot misses you.
Roxanne mumbles some strange words.
You blink.
Splash!
Found a book of the Warp.
Roxanne mumbles some strange words.
The iron shot hits you!!
Unknown command.
You slice Roxanne!!
Roxanne is lightly damaged.
The orc priest shouts!
Your unstable footing causes you to fumble your attack.
Your unstable footing causes you to fumble your attack.
Your unstable footing causes you to fumble your attack.
The orc priest shouts!
You slash Roxanne! You headbutt Roxanne, but do no damage.
Roxanne is moderately damaged.
Your unstable footing causes you to fumble your attack.
Your unstable footing causes you to fumble your attack.
Roxanne casts a spell.
The crystal spear hits you!!!
You slash Roxanne!
Roxanne is moderately damaged.
Roxanne asks, "Could you be a darling and pick up those spellbooks for me?"
Roxanne casts a spell.
The iron shot hits you!!
* * * LOW HITPOINT WARNING * * *
Your unstable footing causes you to fumble your attack.
You slash Roxanne! You headbutt Roxanne, but do no damage.
Roxanne is moderately damaged.
Roxanne mumbles some strange words.
The iron shot hits you!
You die...

HH######≈≈####.######≈≈.....≈#+##
sH#GG+,##≈≈≈#.##..#≈≈≈≈≈§≈..≈#...
Ps+G.#'*#'#≈##...##≈≈≈≈§§≈≈.≈#...
.$#(##§##(#≈≈##+##≈≈≈§≈≈≈≈≈≈≈#...
?.###≈≈§####≈≈≈≈≈≈≈≈≈§≈§≈≈≈≈≈#.._
+###§≈§≈≈*,#+++#''§#≈§§§≈≈§≈≈#._.
,,**≈≈≈≈≈*##§§§≈§≈.##§§§###≈≈#_._
+***≈≈≈≈≈##.§§§§≈§§§##§≈#.#≈≈#._.
,,*+≈≈,≈≈°°°§§§8@§§≈§'≈≈#'#§≈#_._
+***≈≈≈≈≈##.§§§§§§§§##§≈≈§≈≈≈####
,,**≈≈≈≈≈*##§§○§○.≈###########≈≈≈
+***≈≈≈≈≈*∩####○####≈§§§§§○###≈##
,,***≈≈≈**,,,,##**#°§§°§≈§§≈##≈#,
∩,+***≈**∩,,,...,+≈..§°§§§≈.≈+)#,
,,*,,********###,##≈.≈≈≈.≈≈.####,
****,,,,,,,,ooo#,,##..≈○≈≈°##***,
****************^,,#########,,,,,


You could see Roxanne and 3 orc priests.

Vanquished Creatures
  A deep elf master archer (D)
  2 sphinxes (D)
  A kraken (D)
  A crystal guardian (D)
  A great orb of eyes (D)
  2 boulder beetles (D)
  A death yak (D)
  2 hell hogs (D)
  2 deep trolls (D)
  2 death drakes (D)
  2 cane toads (D)
  A yaktaur (D)
  A hornet (D)
  5 polar bears (D)
  2 slime creatures (D)
  12 flying skulls (D)
  5 wyverns (D)
  3 neqoxecs (D)
  7 water moccasins (D)
  A swamp drake (D)
  4 necrophages (D)
  A scorpion (D)
  3 worms (D)
  2 tentacles (D)
64 creatures vanquished.

Vanquished Creatures (others)
  A neqoxec (D)
  Menkaure (D)
  A water moccasin (D)
  A swamp drake (D)
  7 tentacles (D)
11 creatures vanquished.

Grand Total: 75 creatures vanquished

Notes
Turn   | Place    | Note
-------+----------+-------------------------------------------
     0 | D        | mhtbhm the Minotaur Berserker began the quest for the Orb.
     0 | D        | Reached XP level 1. HP: 19/19 MP: 0/0
     1 | D        | Noticed a necrophage
     1 | D        | Noticed a necrophage
     1 | D        | Noticed a necrophage
     1 | D        | Noticed a necrophage
     7 | D        | Killed a water moccasin
     7 | D        | Killed a necrophage
     8 | D        | Reached skill level 6 in Axes
     8 | D        | Reached XP level 2. HP: 15/31 MP: 1/1
     8 | D        | Reached XP level 3. HP: 18/38 MP: 2/2
     9 | D        | Killed a necrophage
    10 | D        | Reached skill level 8 in Axes
    10 | D        | Reached XP level 4. HP: 36/48 MP: 3/3
    12 | D        | Killed a necrophage
    12 | D        | Reached ** piety under Trog
    13 | D        | Reached skill level 9 in Axes
    13 | D        | Reached XP level 5. HP: 42/56 MP: 4/4
    16 | D        | Reached skill level 10 in Axes
    16 | D        | Reached skill level 5 in Armour
    91 | D        | Killed Menkaure
   151 | D        | Noticed a boulder beetle
   151 | D        | Noticed a boulder beetle
   168 | D        | Found Zipoewok's Magic Scroll Shop.
   168 | D        | Found Plog's Distillery.
   168 | D        | Found Aniog's Antique Weapon Boutique.
   168 | D        | Found Fatwehur's Jewellery Boutique.
   168 | D        | Found Hoconu's Jewellery Shop.
   168 | D        | Found Qengorr's Antique Armour Shop.
   168 | D        | Found Xisuf's Armour Boutique.
   172 | D        | Reached *** piety under Trog
   237 | D        | Noticed a neqoxec
   240 | D        | Killed a neqoxec
   241 | D        | Reached skill level 10 in Fighting
   241 | D        | Reached skill level 11 in Axes
   241 | D        | Reached skill level 5 in Dodging
   241 | D        | Reached XP level 6. HP: 67/67 MP: 5/5
   242 | D        | Noticed a neqoxec
   250 | D        | Noticed a neqoxec
   252 | D        | Killed a neqoxec
   253 | D        | Reached skill level 12 in Axes
   258 | D        | Gained mutation: Your muscles are strong. (Str +2) [a
                  | neqoxec]
   260 | D        | Killed a neqoxec
   260 | D        | Reached **** piety under Trog
   261 | D        | Reached XP level 7. HP: 34/75 MP: 6/6
   443 | D        | Noticed Roxanne
   476 | D        | Killed a boulder beetle
   477 | D        | Reached skill level 14 in Axes
   477 | D        | Reached XP level 8. HP: 86/86 MP: 7/7
   567 | D        | Found Yjeagh's Book Shop.
   567 | D        | Found Weul's Distillery.
   567 | D        | Found Izid's Distillery.
   581 | D        | Found Epliub's Antique Armour Shop.
   582 | D        | Noticed a manticore
   583 | D        | Found Offuaz's Jewellery Boutique.
   583 | D        | Found Wowes's Book Shop.
   583 | D        | Noticed a manticore
   583 | D        | Noticed a manticore
   583 | D        | Noticed an oklob plant
   584 | D        | Found Xeph's Book Shoppe.
   584 | D        | Found Hodghowno's Magic Scroll Boutique.
   608 | D        | Bought a glimmering chain mail for 180 gold pieces
   608 | D        | Identified the +1 chain mail "Wouvaitt" {Fly rN+ Int-5}
                  | (You bought it in a shop in the Dungeon)
   609 | D        | Bought a steaming chain mail for 180 gold pieces
   609 | D        | Identified the +4 chain mail "Aledum" {rElec} (You bought
                  | it in a shop in the Dungeon)
   623 | D        | Noticed a shining eye
   629 | D        | Bought a glowing broad axe for 203 gold pieces
   632 | D        | Noticed a shining eye
   656 | D        | Noticed a shining eye
   657 | D        | Bought a ring of protection from fire for 325 gold pieces
   700 | D        | Killed a boulder beetle
   701 | D        | Reached skill level 15 in Axes
   701 | D        | Reached XP level 9. HP: 61/96 MP: 8/8
   906 | D        | Found a blossoming altar of Fedhas.
   907 | D        | Found a white marble altar of Elyvilon.
   908 | D        | Found a shadowy altar of Dithmenos.
   908 | D        | Found a corrupted altar of Lugonu.
   908 | D        | Found an opulent altar of Gozag.
   908 | D        | Found a burning altar of Makhleb.
   909 | D        | Found a snail-covered altar of Cheibriados.
   909 | D        | Found an ancient bone altar of Kikubaaqudgha.
   909 | D        | Found a bloodstained altar of Trog.
   910 | D        | Found a viscous altar of Jiyva.
   910 | D        | Found a shimmering blue altar of Sif Muna.
   911 | D        | Found a hazy altar of Hepliaklqana.
   911 | D        | Found a sacrificial altar of Ru.
   912 | D        | Found a stormy altar of Qazlal.
   912 | D        | Found an ornate altar of the Wu Jian Council.
   913 | D        | Noticed a yaktaur
   913 | D        | Noticed a polar bear
   913 | D        | Noticed a polar bear
   921 | D        | Killed a polar bear
   921 | D        | Noticed a polar bear
   922 | D        | Reached skill level 15 in Fighting
   922 | D        | Reached skill level 16 in Axes
   924 | D        | Killed a polar bear
   924 | D        | Reached ***** piety under Trog
   929 | D        | Killed a yaktaur
   933 | D        | Killed a polar bear
   936 | D        | Reached skill level 17 in Axes
   990 | D        | Found a shimmering altar of Xom.
  1011 | D        | Noticed a kraken
  1229 | D        | Killed a kraken
  1230 | D        | Reached skill level 1 in Stealth
  1230 | D        | Reached XP level 10. HP: 57/111 MP: 9/9
  1482 | D        | Reached skill level 10 in Armour
  1482 | D        | Received a gift from Trog
  1493 | D        | Found a glowing golden altar of the Shining One.
  1493 | D        | Found a basalt altar of Yredelemnul.
  1493 | D        | Found a hide-covered altar of Uskayaw.
  1494 | D        | Found a glowing silver altar of Zin.
  1494 | D        | Found a radiant altar of Vehumet.
  1616 | D        | Found a sparkling altar of Nemelex Xobeh.
  1617 | D        | Found an iron altar of Okawaru.
  1632 | D        | Reached skill level 18 in Axes
  1632 | D        | Reached skill level 10 in Dodging
  1641 | D        | Received a gift from Trog
  2044 | D        | Noticed a deep troll
  2044 | D        | Noticed a deep troll
  2050 | D        | Killed a deep troll
  2050 | D        | Killed a deep troll
  2050 | D        | Reached ****** piety under Trog
  2051 | D        | Reached skill level 19 in Axes
  2282 | D        | Noticed a sphinx
  2282 | D        | Noticed a sphinx
  2287 | D        | Killed a sphinx
  2287 | D        | Received a gift from Trog
  2288 | D        | Reached XP level 11. HP: 122/122 MP: 10/10
  2288 | D        | Killed a sphinx
  2289 | D        | Reached skill level 20 in Axes
  2464 | D        | Noticed a crystal guardian
  2465 | D        | Noticed a death drake
  2467 | D        | Noticed a death drake
  2472 | D        | Killed a crystal guardian
  2475 | D        | Killed a death drake
  2477 | D        | Killed a death drake
  2578 | D        | Reached skill level 21 in Axes
  2578 | D        | Reached skill level 15 in Armour
  2627 | D        | Noticed a deep elf master archer
  2630 | D        | Noticed a hell hog
  2630 | D        | Noticed a hell hog
  2631 | D        | Killed a hell hog
  2634 | D        | Killed a hell hog
  2634 | D        | Received a gift from Trog
  2735 | D        | Killed a deep elf master archer
  2807 | D        | Noticed a death yak
  2807 | D        | Noticed a great orb of eyes
  2812 | D        | Reached skill level 22 in Axes
  2816 | D        | Received a gift from Trog
  2820 | D        | Reached XP level 12. HP: 134/134 MP: 11/11
  2820 | D        | Killed a death yak
  2821 | D        | Killed a great orb of eyes
  2822 | D        | Reached skill level 23 in Axes
  2870 | D        | Identified 4 scrolls of acquirement
  2873 | D        | Acquired 537 gold pieces
  2975 | D        | Killed from afar by Roxanne

Illustrated notes

Levels and vault maps discovered:
D:        the_violet_keep_of_menkaure [sprint2_stairs_cluster_1,
          sprint2_shoproom, sprint2_temple, sprint2_basic_supplies,
          sprint2_obstacle_6, sprint2_obstacle_1, sprint2_obstacle_2,
          sprint2_obstacle_3, sprint2_obstacle_5, sprint2_timed_cluster_1,
          sprint2_smallroom_cluster_1, sprint2_smallroom_final_cluster_1,
          sprint2_transparent_cluster_1, sprint2_second_timed_cluster_1,
          sprint2_sniper_area_1, sprint2_heavy_combat_area_1,
          sprint2_mutation_trap_area_1, sprint2_forest_area_1,
          sprint2_light_combat_area_1, sprint2_behind_water_1,
          sprint2_near_end_vault_1]

Skill      XL: |  1  2  3  4  5  6  7  8  9 10 11 12 |
---------------+-------------------------------------+-----
Fighting       | 6 7 8 10 11 13 14 17 19 20 21 | 21.3
Axes           | 6 8 9 11 12 14 15 17 19 22 23 | 23.2
Armour         | 3 4 5 6 7 9 13 16 | 16.2
Dodging        | 3 4 5 6 7 8 9 10 | 10.7
Stealth        | 1 |  1.9

Action                   |  1- 3 |  4- 6 |  7- 9 | 10-12 || total
-------------------------+-------+-------+-------+-------++-------
Melee: Hand axe          |     6 |    31 |    76 |     9 ||   122
       Headbutt          |     1 |     8 |    27 |    18 ||    54
       Punch             |       |       |     1 |       ||     1
       Executioner's axe |       |       |       |    84 ||    84
Invok: Berserk           |     1 |     1 |     4 |     4 ||    10
  Use: Scroll            |       |       |       |    11 ||    11
       Potion            |       |       |       |     3 ||     3
Armor: Chain mail        |       |       |    12 |    35 ||    47
Dodge: Dodged            |     3 |    13 |    30 |    64 ||   110

Table legend: (Time is in decaauts)
 A = Elapsed time spent in this place.
 B = Non-inter-level travel time spent in this place.
 C = Inter-level travel time spent in this place.
 D = Time resting spent in this place.
 E = Time spent auto-exploring this place.
 F = Levels seen in this place.
 G = Mean time per level.
                   A        B        C        D        E       F      G
               +--------+--------+--------+--------+--------+-----+--------+
         Total |   3113 |   3113 |      0 |   2113 |      0 |   1 | 3113.0 |
       Dungeon |   3113 |   3113 |      0 |   2113 |      0 |   1 | 3113.0 |
               +--------+--------+--------+--------+--------+-----+--------+

Top non-repeatable levels by time:
       D: 3113 daAuts
